 Dungeon Crawl Stone Soup version 0.21-a0-243-g597973d (webtiles) character file.

107 JackS81 the Slasher (level 4, -15/58 HPs)
             Began as a Hill Orc Fighter on Sept 4, 2017.
             Killed from afar by ontamu's ghost (16 damage)
             ... with a flame tongue
             ... on level 6 of the Dungeon.
             The game lasted 00:10:49 (2564 turns).

JackS81 the Slasher (Hill Orc Fighter)              Turns: 2564, Time: 00:10:49

Health: -15/58     AC: 12    Str: 24    XL:     4   Next: 85%
Magic:  0/4        EV:  4    Int: 12    God:
Gold:   180        SH:  9    Dex: 10    Spells: 3/3 levels left

rFire    . . .     SeeInvis .   a - +1 long sword
rCold    . . .     Gourm    .   c - +0 shield
rNeg     . . .     Faith    .   n - +1 plate armour
rPois    .         Spirit   +   (no helmet)
rElec    .         Reflect  .   (no cloak)
rCorr    .         Harm     .   (no gloves)
MR       .....                  (no boots)
Stlth    ..........             m - amulet of guardian spirit
HPRegen  0.19/turn              o - ring of wizardry
MPRegen  0.09/turn              d - +4 ring of intelligence

@: berserking, very quick
A: no striking features
a: no special abilities


You were on level 6 of the Dungeon.
You were not hungry.

You visited 1 branch of the dungeon, and saw 4 of its levels.

You collected 180 gold pieces.

Inventory:

Hand Weapons
 a - a +1 long sword (weapon)
 s - a +0 battleaxe
Missiles
 j - 146 stones (quivered)
 l - 18 bolts
Armour
 b - a +0 scale mail
 c - a +0 shield (worn)
 n - a +1 plate armour (worn)
Magical Staves
 p - a cursed staff of cold {unknown}
Jewellery
 d - a +4 ring of intelligence (right hand)
 i - an uncursed ring of magical power {unknown}
 m - an amulet of guardian spirit (around neck)
 o - a ring of wizardry (left hand)
Scrolls
 e - 6 scrolls of identify
Potions
 r - a potion of heal wounds {unknown}
Comestibles
 f - a bread ration
 g - 11 chunks of flesh
 h - a royal jelly
 k - 2 meat rations


   Skills:
 - Level 3.6 Fighting
   Level 1.0(3.0) Short Blades
 * Level 5.0 Long Blades
 + Level 3.4 Armour
 + Level 3.3 Shields


You had 3 spell levels left.
You didn't know any spells.

Dungeon Overview and Level Annotations

Branches:
Dungeon (3/15)

Altars:
Sif Muna
Trog
Vehumet

Annotations:
D:6 ontamu's ghost, novice DEFE


Message History

You are covered in liquid flames!
The orc wizard gestures wildly while chanting.
The orc wizard seems to speed up.
You are covered in liquid flames!
Ontamu's ghost gestures at you while chanting.
The flame tongue hits you!
* * * LOW HITPOINT WARNING * * *
Why would you want to do that? Why would you want to do that?
Ontamu's ghost is engulfed in a cloud of scalding steam.
It was a potion of berserk rage.
A red film seems to cover your vision as you go berserk!
You feel yourself moving faster!
You feel mighty!
The orc wizard looks satisfied for a moment.
Ontamu's ghost hits you.
* * * LOW HITPOINT WARNING * * *
You closely miss ontamu's ghost.
Ontamu's ghost gestures at you while chanting.
The flame tongue hits you!
You die...

##### ###...###
##.......##
##.........##
#....≈≈≈....#
####...≈≈≈≈≈...####
#.....≈≈..o≈W@....###
#._...≈≈.>.≈≈.......#
#.....≈≈...≈≈.....#..
####...≈≈≈≈≈...####
#....≈≈≈....#
##.........##
##.......## ###...###
#####


You could see an orc wizard and ontamu's ghost.

Vanquished Creatures
  3 adders
  An ooze (D:3)
  3 dart slugs
  2 leopard geckos (D:3)
  4 orcs (D:3)
  3 ball pythons
  3 bats
  3 giant cockroaches (D:2)
  10 goblins
  5 hobgoblins
  4 jackals
  2 quokkas
  7 frilled lizards
  5 kobolds
  6 rats
61 creatures vanquished.

Notes
Turn   | Place    | Note
-------+----------+-------------------------------------------
     0 | D:1      | JackS81 the Hill Orc Fighter began the quest for the Orb.
     0 | D:1      | Reached XP level 1. HP: 19/19 MP: 1/1
   141 | D:1      | Reached XP level 2. HP: 25/26 MP: 2/2
   176 | D:1      | Reached skill level 3 in Long Blades
   972 | D:1      | Reached XP level 3. HP: 22/31 MP: 3/3
  1075 | D:2      | Reached skill level 4 in Long Blades
  1240 | D:2      | Found a bloodstained altar of Trog.
  1498 | D:2      | Reached skill level 1 in Short Blades
  1606 | D:2      | Reached XP level 4. HP: 39/39 MP: 4/4
  2026 | D:3      | Found a radiant altar of Vehumet.
  2530 | D:3      | Reached skill level 5 in Long Blades
  2543 | D:3      | You fall through a shaft for 3 floors!
  2543 | D:6      | Noticed ontamu's ghost (novice DEFE)
  2548 | D:6      | Found a deep blue altar of Sif Muna.
  2563 | D:6      | HP: 1/58 [ontamu's ghost (5)]
  2564 | D:6      | Killed from afar by ontamu's ghost

Vault maps used:
D:1:      dpeg_arrival_shelter, minmay_misc_feat_room, columned_hall_lemuel,
          minmay_misc_feat_alley, hangedman_abyss_or_decor_stabs
D:2:      bloody_trog
D:3:      overflow_temple_1_default, nicolae_dithmenos_through_a_glass_darkly
D:6:      tgw_sif, vehumet_altar_wand_db

Skill      XL: |  1  2  3  4 |
---------------+-------------+-----
Long Blades    | 3 4 5 |  5.0
Short Blades   | 1 |  1.0
Fighting       | |  3.6
Armour         | |  3.4
Shields        | |  3.3

Action                   |  1- 3 |  4- 6 || total
-------------------------+-------+-------++-------
Melee: Long sword        |    67 |    54 ||   121
       Short sword       |   151 |   103 ||   254
  Use: Scroll            |     3 |     2 ||     5
       Potion            |     2 |     1 ||     3
  Eat: Chunk             |     3 |     3 ||     6
Armor: Scale mail        |    22 |       ||    22
       Plate armour      |    93 |   143 ||   236
Dodge: Dodged            |    30 |    24 ||    54
Block: Shield            |   117 |   103 ||   220
       Rpst.: Long sword |     3 |     4 ||     7

Table legend:
 A = Spawn XP
 B = Non-spawn XP
 C = Spawn XP percentage of total XP
 D = Spawn monster count
 E = Non-spawn monster count
 F = Spawn count percentage of total count
 G = Total turns spent on level
                    A         B        C        D         E        F      G
               +---------+---------+-------+---------+---------+-------+---------
         Total |       0 |     153 |   0.0 |       0 |      61 |   0.0 |  2564
               +---------+---------+-------+---------+---------+-------+---------
           D:1 |       0 |      38 |   0.0 |       0 |      23 |   0.0 |   980
           D:2 |       0 |      52 |   0.0 |       0 |      21 |   0.0 |  1006
           D:3 |       0 |      63 |   0.0 |       0 |      17 |   0.0 |   557
               +---------+---------+-------+---------+---------+-------+---------
